 Dungeon Crawl Stone Soup version 0.30-a0-1043-g60ff8d5f49 (webtiles) character file.

Game seed: 13238079402904143393

7519 vishdafish the Fighter (level 11, -4/89 HPs)
             Began as a Djinni Conjurer on Apr 9, 2023.
             Was a High Priest of Makhleb.
             Shot with a bolt by an orc warrior (22 damage)
             ... on level 10 of the Dungeon.
             The game lasted 00:20:56 (8992 turns).

vishdafish the Fighter (Djinni Conjurer)            Turns: 8992, Time: 00:21:00

Health: -4/89      AC:  8    Str:  2    XL:     11   Next: 38%
Gold:   585        EV: 12    Int: 24    God:    Makhleb [*****.] SH:  0 Dex: 12

rFire   + + .      SeeInvis +    e - +0 dagger
rCold   + + .      Faith    .    (no shield)
rNeg    . . .      Spirit   .    t - +1 robe of the Sky {rC+++ Will+ Str-4 Slay+2}
rPois   ∞          Reflect  .    B - +0 helmet
rElec   .          Rampage  .    w - +2 cloak
rCorr   .                        H - +0 pair of gloves
Will    ++...                    (boots unavailable)
Stlth   ++                       F - amulet of the acrobat
HPRegen 0.34/turn                I - ring of see invisible
MPRegen 0.00/turn                (no ring)

@: flying
A: sickness immunity, fire resistance 2, cold vulnerability 1, float, innate
caster, HP casting, extra vitality 1
a: Renounce Religion, Minor Destruction, Lesser Servant of Makhleb, Major
Destruction, Greater Servant of Makhleb


You were on level 10 of the Dungeon.
You worshipped Makhleb.
Makhleb was extremely pleased with you.
You visited 1 branch of the dungeon, and saw 10 of its levels.

You collected 585 gold pieces.

Inventory:

Hand Weapons
 e - a +0 dagger (weapon)
Missiles
 A - 4 curare-tipped darts
 G - 2 throwing nets
Armour
 a - a +0 robe
 t - the +1 robe of the Sky (worn) {rC+++ Will+ Str-4 Slay+2}
   (You took it off a gnoll on level 4 of the Dungeon)

   Str:       It affects your strength (-4).
   Slay:      It affects your accuracy & damage with ranged weapons and melee
   (+2).
   rC:        It renders you almost immune to cold.
   Will:      It increases your willpower.
 w - a +2 cloak (worn)
 B - a +0 helmet (worn)
 H - a +0 pair of gloves (worn)
Jewellery
 F - an amulet of the acrobat (around neck)
 I - a ring of see invisible (left hand)
Wands
 q - a wand of digging (9)
 x - a wand of light (7)
 D - a wand of flame (11)
Scrolls
 b - 3 scrolls of fog
 c - 4 scrolls of poison
 j - a scroll of immolation
 m - 2 scrolls of fear {unknown}
 o - 3 scrolls of blinking
 r - 2 scrolls of magic mapping
 u - 6 scrolls of identify
 v - a scroll of enchant weapon {unknown}
 y - a scroll of amnesia {unknown}
 z - a scroll of teleportation {unknown}
 E - a scroll of brand weapon {unknown}
 J - a scroll of enchant armour {unknown}
Potions
 d - 2 potions of berserk rage {unknown}
 f - 2 potions of flight {unknown}
 g - 3 potions of attraction {unknown}
 h - 2 potions of haste {unknown}
 i - 2 potions of might {unknown}
 k - 2 potions of invisibility {unknown}
 l - 8 potions of heal wounds {unknown}
 n - 5 potions of lignification {unknown}
 p - 3 potions of degeneration {unknown}
 s - 6 potions of curing {unknown}
 C - a potion of brilliance {unknown}
 K - a potion of mutation {unknown}


   Skills:
 + Level 11.9 Fighting
 - Level 2.1 Dodging
 - Level 1.5 Stealth
 + Level 9.9 Spellcasting


You knew the following spells:

 Your Spells              Type           Power      Damage    Failure   Level
a - Magic Dart            Conj           100%       1d8       1%          1
b - Searing Ray           Conj           100%       2d8       1%          2
c - Dazzling Flash        Conj/Hex       100%       N/A       1%          3
d - Fulminant Prism       Conj/Hex       28%        3d13      1%          4
e - Iskenderun's Mystic   Conj/Tloc      56%        2d12      1%          4
f - Kiss of Death         Conj/Necr      100%       2d13      1%          1
g - Passwall              Tmut/Erth      46%        N/A       1%          2
h - Scorch                Fire           100%       2d9       1%          2
i - Volatile Blastmotes   Fire/Tloc      100%       2d18      1%          3
j - Sticky Flame          Conj/Fire      56%        2d7       1%          4
Your spell library was empty.

Dungeon Overview and Level Annotations

Branches:
Dungeon (10/15)            Temple (0/1) D:7            Lair (0/5) D:9
    Orc (0/2) D:10

Altars:
Dithmenos
Elyvilon
Gozag
Makhleb
Nemelex Xobeh
Trog
Uskayaw
Xom
The Shining One

Shops:
D:1 [(   D:7 =

Annotations:
D:10 3 runed translucent doors, GrimJard's ghost, journeyman OpCK


Innate Abilities, Weirdness & Mutations

You are immune to sickness and miasma.
You are immune to poison.
Your flesh is very heat resistant. (rF++)
You are vulnerable to cold. (rC-)
You float through the air rather than walking.
You learn spells naturally, not from books.
Your magical power is your life essence.
You have superior vitality. (+4 MHP)


Message History

The orc warrior is moderately wounded.
The orc warrior shoots a bolt.
The bolt closely misses you.
As you read the scroll labelled BEATZO LOAKKES, it crumbles to dust.
You feel aware of your surroundings.
You sensed 1 shop/portal.
It was a scroll of magic mapping.
The orc warrior shoots a bolt.
The bolt hits you!
* * * LOW HITPOINT WARNING * * *
Okay, then.
Casting: Iskenderun's Mystic Blast (mildly dangerous; 1% risk of failure)
Confirm with . or Enter, or press ? or * to list all spells.
Aiming: Fulminant Prism (mildly dangerous; 1% risk of failure)
Press: ? - help, Dir - move target You conjure a prism of explosive energy!
* * * LOW HITPOINT WARNING * * *
A fulminant prism comes into view.
The orc warrior shoots a bolt.
The bolt hits your fulminant prism!
Your fulminant prism detonates feebly.
Casting: Fulminant Prism (mildly dangerous; 1% risk of failure)
Confirm with . or Enter, or press ? or * to list all spells.
Aiming: Fulminant Prism (mildly dangerous; 1% risk of failure)
Press: ? - help, Dir - move target You conjure a prism of explosive energy!
* * * LOW HITPOINT WARNING * * *
A fulminant prism comes into view.
The orc warrior shoots a bolt.
The bolt hits your fulminant prism!
Blink to where?
Press: ? - help, Dir - move target
As you read the scroll labelled TETAALY LEQU, it crumbles to dust.
It was a scroll of blinking.
You hear a loud crackle.
You hear an explosion!
You hear a shout!
Casting: Fulminant Prism (mildly dangerous; 1% risk of failure)
Confirm with . or Enter, or press ? or * to list all spells.
Aiming: Fulminant Prism (mildly dangerous; 1% risk of failure)
Press: ? - help, Dir - move target You conjure a prism of explosive energy!
* * * LOW HITPOINT WARNING * * *
A fulminant prism comes into view.
The orc warrior unwields a +0 mace.
The orc warrior wields a +0 arbalest.
The orc warrior shoots a bolt.
The bolt hits you!!
You die...

*,......§§§§§§§....#......#
*,......o§§§§§§....###'####
*,.......§§§§§§..C........#
*,........########..####..#
*,........# #..# #..#
*,.....*..# #..# #..#
*,###.....# #).# #..#
*,........########).#**#..#
*,........@.......)..,,...#
*,....................,....
*,########.................
*,* #...........#..... *,*
#...........#.....
*,*******#........,,,,,...#
*,,,,,,,,.........,,,,,....
*********#########*****####


You could see an orc warrior and a friendly fulminant prism.

Vanquished Creatures
  An ogre mage (D:8)
  Joseph (D:7)
  2 trolls
  A wraith (D:10)
  8 yaks (D:9)
  2 steam dragons
  An acid dragon (D:6)
  2 water moccasins
  2 orc warriors
  2 sky beasts
  2 ogres (D:6)
  2 phantoms
  4 centaurs
  A kobold brigand (D:6)
  2 gnoll sergeants
  2 bullfrogs
  2 scorpions
  20 wights
  9 killer bees
  An electric eel (D:8)
  2 howler monkeys
  A centaur zombie (D:4)
  5 orc priests
  2 hounds (D:6)
  2 sleepcaps (D:5)
  8 iguanas
  2 scorpion zombies (D:4)
  14 orc wizards
  2 hound zombies (D:4)
  9 adders
  10 gnolls
  2 shadow imps
  An ufetubus (D:6)
  2 adder zombies (D:4)
  2 worms (D:2)
  2 dart slugs
  61 orcs
  8 ball pythons
  7 endoplasms
  5 giant cockroaches (D:2)
  11 goblins
  8 hobgoblins
  4 jackals (D:1)
  A quokka (D:1)
  4 bats
  2 frilled lizards
  10 kobolds
  8 rats
262 creatures vanquished.

Vanquished Creatures (others)
  29 fulminant prisms
  5 withered plants (D:4)
34 creatures vanquished.

Grand Total: 296 creatures vanquished

Notes
Turn   | Place    | Note
-------+----------+-------------------------------------------
     0 | D:1      | vishdafish the Djinni Conjurer began the quest for the Orb.
     0 | D:1      | vishdafish set off with the following spells memorised:
                  | Magic Dart, Searing Ray, Dazzling Flash, Fulminant Prism,
                  | Iskenderun's Mystic Blast.
     0 | D:1      | Reached XP level 1. HP: 15/15 MP: 0/0
    32 | D:1      | Found Foc Lam's Antique Weapon Boutique.
    77 | D:1      | Found Gabukh Ufuown's Antique Weapon Emporium.
   106 | D:1      | Reached skill level 1 in Fighting
   106 | D:1      | Reached XP level 2. HP: 16/22 MP: 0/0
   162 | D:1      | Found Xaerphul's Armour Shoppe.
   551 | D:1      | Reached XP level 3. HP: 15/27 MP: 0/0
   551 | D:1      | Learned a level 1 spell: Kiss of Death
   969 | D:2      | Reached skill level 2 in Fighting
  1158 | D:2      | Reached XP level 4. HP: 17/27 MP: 0/0
  2167 | D:3      | Found a burning altar of Makhleb.
  2181 | D:3      | Became a worshipper of Makhleb the Destroyer
  2344 | D:4      | Identified the +1 robe "Geint" {Rampage Str+3 Dex-2}
  2353 | D:4      | Noticed a phantom
  2356 | D:4      | Reached XP level 5. HP: 37/40 MP: 0/0
  2356 | D:4      | Learned a level 2 spell: Passwall
  2373 | D:4      | Killed a phantom
  2374 | D:4      | Reached skill level 3 in Fighting
  2554 | D:4      | Reached XP level 6. HP: 11/47 MP: 0/0
  2741 | D:4      | Reached skill level 4 in Fighting
  2948 | D:4      | Reached * piety under Makhleb
  2954 | D:4      | Reached XP level 7. HP: 48/53 MP: 0/0
  2954 | D:4      | Learned a level 2 spell: Scorch
  2965 | D:4      | Identified the +1 robe of the Sky {rC+++ Will+ Str-4
                  | Slay+2}
  2976 | D:4      | Reached skill level 5 in Spellcasting
  2976 | D:4      | Found a glowing golden altar of the Shining One.
  2995 | D:4      | Reached skill level 5 in Fighting
  3657 | D:4      | Found a white marble altar of Elyvilon.
  3861 | D:5      | Entered Level 5 of the Dungeon
  3894 | D:5      | Reached XP level 8. HP: 27/60 MP: 0/0
  4171 | D:5      | Reached skill level 6 in Fighting
  4266 | D:5      | Reached ** piety under Makhleb
  4882 | D:6      | Reached skill level 7 in Fighting
  4973 | D:6      | Reached XP level 9. HP: 36/68 MP: 0/0
  4973 | D:6      | Learned a level 3 spell: Volatile Blastmotes
  5357 | D:6      | Found a shimmering altar of Xom.
  5438 | D:6      | Reached skill level 8 in Fighting
  6118 | D:7      | Found a staircase to the Ecumenical Temple.
  6140 | D:7      | Noticed Joseph
  6146 | D:7      | Killed Joseph
  6279 | D:7      | Found a sparkling altar of Nemelex Xobeh.
  6309 | D:7      | Reached skill level 9 in Fighting
  6311 | D:7      | Reached *** piety under Makhleb
  6312 | D:7      | Reached XP level 10. HP: 56/78 MP: 0/0
  6319 | D:7      | Found Ratirch's Jewellery Boutique.
  6639 | D:7      | You are sucked into a shaft and drop 1 floor!
  6827 | D:8      | Reached **** piety under Makhleb
  6829 | D:8      | Reached skill level 10 in Fighting
  6971 | D:8      | Noticed an ogre mage
  7062 | D:8      | Killed an ogre mage
  7119 | D:8      | Found an opulent altar of Gozag.
  7246 | D:8      | Found a bloodstained altar of Trog.
  7346 | D:8      | Found a shadowy altar of Dithmenos.
  7642 | D:8      | Found a hide-covered altar of Uskayaw.
  7843 | D:9      | Found a staircase to the Lair.
  7852 | D:9      | Reached skill level 11 in Fighting
  7943 | D:9      | Reached XP level 11. HP: 84/87 MP: 0/0
  7943 | D:9      | Learned a level 4 spell: Sticky Flame
  7982 | D:9      | Reached ***** piety under Makhleb
  8879 | D:10     | Entered Level 10 of the Dungeon
  8883 | D:10     | Noticed GrimJard's ghost (journeyman OpCK)
  8891 | D:10     | Found a runed translucent gate.
  8891 | D:10     | Found a runed translucent gate.
  8891 | D:10     | Found a runed translucent gate.
  8928 | D:10     | Noticed a cyclops
  8992 | D:10     | Shot with a bolt by an orc warrior

Illustrated notes

Levels and vault maps discovered:
D:1:      ncdulo_lavacross, layout_basic, serial_shops,
          nicolae_shop_hallway_stairs, nicolae_shop_crystal, shop,
          serial_rivers, chequers_serial_rivers_small_3,
          chequers_serial_rivers_micro_b, chequers_serial_rivers_small_3,
          chequers_serial_rivers_large_a
D:2:      layout_rooms
D:3:      layout_basic, old_standard_altar
D:4:      layout_basic, kennysheep_mini, mainiacjoe_overflow_surrounded_room,
          serial_undead, serial_undead_c, serial_undead_f, serial_undead_c,
          serial_undead_f, eino_curves_03, minmay_quantized
D:5:      layout_cave_pools, nicolae_overflow_hidden_temple
D:6:      cheibrodos_thug_alley, layout_basic,
          mainiacjoe_overflow_small_starburst, lemuel_tele_altar,
          kennysheep_small_circle
D:7:      layout_cave_pools, mainiacjoe_overflow_24_doors,
          minmay_temple_entry_statues_pillars, serial_shops, shop,
          kennysheep_small_square, uniq_crazy_yiuf_cottage, uniq_joseph
D:8:      layout_cave_pools, trog_hazing_becter, nicolae_gozag_seed_capital,
          general_overflow_altar, lemuel_coloured_pillars_altar,
          hangedman_decor_growths, kennysheep_island_fort
D:9:      layout_cave_pods, lair_entry_dummy
D:10:     layout_stronghold, orc_david_3, gammafunk_ghost_split

Skill      XL: |  1  2  3  4  5  6  7  8  9 10 |
---------------+-------------------------------+-----
Fighting       | 1 2 3 4 5 7 9 11 | 11.9
Spellcasting   | 4 5 6 7 9 |  9.9
Dodging        | |  2.1
Stealth        | |  1.5

Action                     |  1- 3 |  4- 6 |  7- 9 | 10-12 || total
---------------------------+-------+-------+-------+-------++-------
   Cast: Magic Dart        |    81 |   112 |   102 |       ||   295
         Kiss of Death     |     2 |       |     1 |       ||     3
         Fulminant Prism   |       |     7 |    11 |    12 ||    30
         Iskenderun's Myst |       |     5 |    35 |    32 ||    72
         Scorch            |       |       |    53 |   150 ||   203
         Volatile Blastmot |       |       |     3 |       ||     3
    Use: Scroll            |       |     5 |     1 |     3 ||     9
 Armour: Robe              |     4 |     4 |     9 |    11 ||    28
  Dodge: Dodged            |    14 |     7 |    37 |    36 ||    94

Table legend: (Time is in decaauts)
 A = Elapsed time spent in this place.
 B = Non-inter-level travel time spent in this place.
 C = Inter-level travel time spent in this place.
 D = Time resting spent in this place.
 E = Time spent auto-exploring this place.
 F = Levels seen in this place.
 G = Mean time per level.
                   A        B        C        D        E       F      G
               +--------+--------+--------+--------+--------+-----+--------+
         Total |   8992 |   8757 |    235 |    179 |   7307 |  10 |  899.2 |
       Dungeon |   8992 |   8757 |    235 |    179 |   7307 |  10 |  899.2 |
               +--------+--------+--------+--------+--------+-----+--------+

Top non-repeatable levels by time:
     D:4: 1520 daAuts
     D:6: 1304 daAuts
     D:8: 1124 daAuts
     D:9: 1114 daAuts
     D:1: 919 daAuts
     D:5: 844 daAuts
     D:3: 812 daAuts
     D:2: 705 daAuts
     D:7: 532 daAuts
    D:10: 112 daAuts
